 Dungeon Crawl Stone Soup version 0.24-a0-269-g32ec7ca (webtiles) character file.

Game seed: 4410329757360199575

2344 Firecrotchwizard the Fighter (level 9, -8/101 HPs)
             Began as an Ogre Berserker on Apr 23, 2019.
             Was an Elder of Trog.
             Mangled by a hornet (10 damage)
             ... on level 8 of the Dungeon.
             The game lasted 00:18:00 (9478 turns).

Firecrotchwizard the Fighter (Ogre Berserker)       Turns: 9478, Time: 00:18:00

Health: -8/101     AC:  4    Str: 26    XL:     9   Next: 43%
Magic:  3/3        EV: 10    Int: 14    God:    Trog [****..]
Gold:   155        SH:  0    Dex: 13    Spells: 8/8 levels left

rFire    . . .     SeeInvis .   x - +5 trident "Ytuiwk" {antimagic, Int+6 Stlth+}
rCold    . . .     Gourm    .   (no shield)
rNeg     . . .     Faith    .   G - +0 robe (curse)
rPois    .         Spirit   .   (helmet restricted)
rElec    .         Reflect  .   H - +0 cloak
rCorr    +         Harm     .   (gloves unavailable)
MR       ++...                  (boots unavailable)
Stlth    ++........             (no amulet)
HPRegen  1.26/turn              q - +5 ring of dexterity
MPRegen  0.08/turn              E - ring of resist corrosion

@: lethally poisoned (-8 -> -10), regenerating, slowed, very slow
A: large, unfitting armour, tough skin 1
a: Berserk, Trog's Hand, Brothers in Arms, Renounce Religion


You were on level 8 of the Dungeon.
You worshipped Trog.
Trog was greatly pleased with you.
You were hungry.

You visited 1 branch of the dungeon, and saw 7 of its levels.

You collected 303 gold pieces.
You spent 148 gold pieces at shops.

Inventory:

Hand Weapons
 a - a +0 mace
 p - a +1 flail
   (You took it off an orc on level 3 of the Dungeon)
 x - the +5 trident "Ytuiwk" (weapon) {antimagic, Int+6 Stlth+}
   (You found it on level 4 of the Dungeon)

   It reduces the magical energy of the wielder, and disrupts the spells and
   magical abilities of those hit.
   Natural abilities and divine invocations are not affected.
   It affects your intelligence (+6).
   It makes you more stealthy.
 z - a +1 flail of holy wrath
   (You took it off a gnoll on level 4 of the Dungeon)
 F - a +0 giant spiked club
   (You took it off an ogre on level 5 of the Dungeon)
Missiles
 k - 39 poisoned needles
Armour
 o - a +0 robe
   (You found it on level 3 of the Dungeon)
 G - a cursed +0 robe (worn)
   (You found it on level 5 of the Dungeon)
 H - a +0 cloak (worn)
   (You bought it in a shop on level 6 of the Dungeon)
Jewellery
 q - a +5 ring of dexterity (left hand)
   (You found it on level 3 of the Dungeon)
 A - an uncursed amulet of rage {+Rage, !d}
   (You found it on level 4 of the Dungeon)
 E - a ring of resist corrosion (right hand)
   (You found it on level 4 of the Dungeon)
Wands
 u - a wand of flame (9)
   (You found it on level 3 of the Dungeon)
 w - a wand of scattershot (5)
   (You found it on level 4 of the Dungeon)
 C - a wand of digging (4)
   (You took it off Ijyb on level 4 of the Dungeon)
Scrolls
 b - 2 scrolls of magic mapping {unknown}
 d - 5 scrolls of teleportation
 i - a scroll of random uselessness {unknown}
 l - 2 scrolls of enchant weapon
 n - 4 scrolls of identify
 s - 2 scrolls of fear {unknown}
 t - a scroll of remove curse {unknown}
 y - 2 scrolls of fog
 B - 3 scrolls of amnesia {unknown}
Potions
 e - a potion of cancellation {unknown}
 f - a potion of lignification {unknown}
 g - 2 potions of heal wounds {unknown}
 h - 2 potions of agility
 j - 2 potions of brilliance {unknown}
 m - 3 potions of haste
 r - a potion of degeneration {unknown}
 v - 4 potions of flight
 D - 2 potions of curing {unknown}
Comestibles
 c - 7 rations
 I - 10 chunks of flesh {@w0}


   Skills:
 + Level 10.1 Fighting
 * Level 9.6 Maces & Flails
 - Level 2.6 Dodging


You had 8 spell levels left.
You didn't know any spells.
Your spell library was empty.

Dungeon Overview and Level Annotations

Branches:
Dungeon (6/15)             Temple (0/1) D:4

Altars:
Cheibriados
Okawaru
Uskayaw
Vehumet
Wu Jian
Xom
Zin
The Shining One

Shops:
D:6 [

Annotations:
D:3 1 runed translucent door, ishanyx's ghost, amateur MiFi
D:6 exclusion: Edmund, Edmund


Innate Abilities, Weirdness & Mutations

You are too large for most types of armour.
You have tough skin. (AC +1)


Message History

The crimson imp spits at you.
You miss the crimson imp. The crimson imp barely misses you.
A hippogriff comes into view.
You hit the crimson imp.
The crimson imp's magic leaks into the air.
The crimson imp misses you.
You puncture the crimson imp!
You kill the crimson imp!
Trog accepts your kill.
Found a stone staircase leading up.
Attack whom?
Aim: a hippogriff You reach to attack!
You puncture the hippogriff! You puncture the hippogriff!
The hippogriff barely misses you. The hippogriff misses you.
The hippogriff closely misses you.
The hippogriff bites you but does no damage.
The hippogriff pecks you. The hippogriff claws you.
You take 10 damage, and have 91/101 hp.
You puncture the hippogriff! The hippogriff bites you.
The hippogriff pecks you. The hippogriff claws you.
You take 10 damage, and have 81/101 hp.
You hit the hippogriff. The hippogriff completely misses you.
The hippogriff pecks you but does no damage.
The hippogriff claws you.
You take 3 damage, and have 78/101 hp.
You hit the hippogriff.
You kill the hippogriff!
Trog accepts your kill.
Your life force feels restored.
Your Fighting skill increases to level 10!
No target in view!
No target in view!
You see here a hippogriff corpse.
You butcher the hippogriff corpse.
I - 10 chunks of flesh {@w0} (gained 5)
You see here a hippogriff skeleton.
A hornet comes into view.
You hit the hornet. The hornet stings you.
You are poisoned.
You feel yourself slow down. The hornet stings you.
You feel as though you will be slow longer.
You take 8 damage, and have 72/101 hp.
You hit the hornet.
You feel yourself speed up.
You feel sick. The hornet barely misses you. The hornet closely misses you.
The hornet misses you.
You take 1 damage, and have 71/101 hp.
You hit the hornet but do no damage.
You feel sick. The hornet closely misses you. The hornet barely misses you.
You take 1 damage, and have 70/101 hp.
Unknown command.
You hit the hornet.
You feel sick. The hornet barely misses you.
You take 1 damage, and have 69/101 hp.
You barely miss the hornet.
You feel sick. The hornet barely misses you.
The hornet stings you but does no damage.
You miss the hornet. The hornet stings you!
You are more poisoned.
You feel yourself slow down. The hornet stings you!
You are more poisoned.
You feel as though you will be slow longer.
You take 19 damage, and have 50/101 hp.
Your skin crawls.
You feel resistant to hostile enchantments.
You are feeling hungry.
You feel very sick. The hornet closely misses you. The hornet stings you!
You feel as though you will be slow longer.
The hornet stings you.
* * * LOW HITPOINT WARNING * * *
You feel as though you will be slow longer.
You take 21 damage, and have 29/101 hp.
MASSIVE DAMAGE!!
Okay, then.
You hit the hornet.
You feel very sick.
The hornet stings you but does no damage.
The hornet misses you.
You take 2 damage, and have 27/101 hp.
Unknown command.
You puncture the hornet!
You feel very sick. The hornet stings you!
* * * LOW HITPOINT WARNING * * *
You are more poisoned.
You feel as though you will be slow longer.
The hornet stings you!
* * * LOW HITPOINT WARNING * * *
You feel as though you will be slow longer.
The hornet stings you.
* * * LOW HITPOINT WARNING * * *
You feel as though you will be slow longer.
You take 23 damage, and have 4/101 hp.
MASSIVE DAMAGE!!
You closely miss the hornet.
* * * LOW HITPOINT WARNING * * *
You feel very sick. The hornet stings you!
You die...

#..........#
#..÷#.#
#..........#
#...#.#
#..........#
#...#.#
#..........#
#...#.#
#...÷###.###
#...#.# #....# #.#
#...#.# #....+ ...
....#..
#....###..#####..#
#...@.......
.......y......#
#......<.......
#.........#.#.#
#.........#.# #
#.........# #
#.........#
#.........#


You could see a hornet.

Vanquished Creatures
  2 hippogriffs
  A hungry ghost (D:4)
  2 ice beasts (D:5)
  A sky beast (D:2)
  An ogre (D:5)
  3 phantoms (D:4)
  Blork the orc (D:4)
  A bullfrog (D:6)
  3 wights (D:6)
  2 crimson imps
  3 hounds
  2 bullfrog skeletons (D:5)
  6 orc priests
  A gnoll shaman (D:4)
  2 iguanas
  Ijyb (D:4)
  Terence (D:2)
  4 orc wizards
  3 worker ants
  A hound skeleton (D:5)
  A hound zombie (D:6)
  7 gnolls
  3 adders
  A white imp (D:6)
  An ooze (D:2)
  An adder skeleton (D:4)
  5 worms
  A dart slug (D:2)
  4 leopard geckos
  14 orcs
  9 bats
  4 giant cockroaches
  4 goblins
  9 hobgoblins
  13 jackals
  3 quokkas
  2 ball pythons
  8 frilled lizards
  11 kobolds
  A leopard gecko skeleton (D:4)
  A quokka skeleton (D:4)
  14 rats
158 creatures vanquished.

Notes
Turn   | Place    | Note
-------+----------+-------------------------------------------
     0 | D:1      | Firecrotchwizard the Ogre Berserker began the quest for the
                  | Orb.
     0 | D:1      | Reached XP level 1. HP: 24/24 MP: 1/1
   182 | D:1      | Reached skill level 3 in Maces & Flails
   297 | D:1      | Reached XP level 2. HP: 32/32 MP: 2/2
   501 | D:1      | Reached ** piety under Trog
   691 | D:1      | Reached XP level 3. HP: 29/40 MP: 3/3
  1272 | D:2      | HP: 7/41 [gnoll/+0 spear (4)]
  1272 | D:2      | HP: 2/41 [gnoll/+0 spear (5)]
  1273 | D:2      | Reached XP level 4. HP: 2/49 MP: 4/4
  1572 | D:2      | Reached skill level 4 in Maces & Flails
  1576 | D:2      | Reached skill level 5 in Fighting
  1979 | D:2      | Noticed Terence
  2000 | D:2      | Killed Terence
  2000 | D:2      | Reached XP level 5. HP: 21/57 MP: 5/5
  2203 | D:2      | Found a shimmering altar of Xom.
  2345 | D:2      | Found a shimmering altar of Xom.
  2568 | D:2      | HP: 13/57 [worm (3)]
  2876 | D:2      | Noticed a sky beast
  2900 | D:2      | Killed a sky beast
  2900 | D:2      | Reached skill level 5 in Maces & Flails
  3084 | D:3      | Reached XP level 6. HP: 59/67 MP: 6/6
  3098 | D:2      | Reached *** piety under Trog
  3102 | D:2      | HP: 16/67 [poisoned by a worker ant]
  3107 | D:2      | HP: 12/67 [poisoned by a worker ant]
  3113 | D:2      | HP: 10/67 [poisoned by a worker ant]
  3120 | D:2      | HP: 8/67 [poisoned by a worker ant]
  3127 | D:2      | HP: 8/67 [poisoned by a worker ant]
  3135 | D:2      | HP: 7/67 [poisoned by a worker ant]
  3555 | D:3      | Reached skill level 6 in Fighting
  3838 | D:3      | Found a glowing silver altar of Zin.
  4460 | D:3      | Found a runed translucent door.
  4460 | D:3      | Noticed ishanyx's ghost (amateur MiFi)
  4596 | D:4      | Noticed a hungry ghost
  4631 | D:4      | Killed a hungry ghost
  4631 | D:4      | Reached skill level 6 in Maces & Flails
  4631 | D:4      | Reached XP level 7. HP: 42/76 MP: 7/7
  4868 | D:4      | Found an iron altar of Okawaru.
  4900 | D:4      | Reached skill level 7 in Fighting
  5066 | D:4      | Found a staircase to the Ecumenical Temple.
  5144 | D:4      | Got a bloodstained trident
  5145 | D:4      | Identified the +5 trident "Ytuiwk" {antimagic, Int+6
                  | Stlth+} (You found it on level 4 of the Dungeon)
  5163 | D:4      | Found a radiant altar of Vehumet.
  5304 | D:4      | HP: 15/78 [phantom (6)]
  5310 | D:4      | HP: 10/117 [phantom (3)]
  5312 | D:4      | Reached skill level 7 in Maces & Flails
  5312 | D:4      | Reached XP level 8. HP: 12/88 MP: 2/8
  5968 | D:4      | Found an ornate altar of the Wu Jian Council.
  5968 | D:4      | Found a hide-covered altar of Uskayaw.
  5969 | D:4      | Found a snail-covered altar of Cheibriados.
  5999 | D:4      | Noticed Blork the orc
  6012 | D:4      | Killed Blork the orc
  6012 | D:4      | Reached skill level 8 in Fighting
  6533 | D:4      | Noticed a hippogriff
  6539 | D:4      | Killed a hippogriff
  6539 | D:4      | Reached skill level 8 in Maces & Flails
  6848 | D:4      | Noticed Ijyb
  6857 | D:4      | Killed Ijyb
  6997 | D:4      | Reached **** piety under Trog
  7089 | D:5      | Entered Level 5 of the Dungeon
  7129 | D:5      | Reached skill level 9 in Fighting
  7212 | D:5      | HP: 27/138 [ice beast (9)]
  7215 | D:5      | HP: 7/138 [ice beast (9)]
  7216 | D:5      | Reached XP level 9. HP: 7/98 MP: 3/9
  8304 | D:5      | Found a glowing golden altar of the Shining One.
  8371 | D:5      | Reached skill level 9 in Maces & Flails
  8870 | D:6      | Found Bots's Antique Armour Shop.
  8878 | D:6      | Bought a cloak for 148 gold pieces
  9134 | D:6      | Found an ornate altar of the Wu Jian Council.
  9310 | D:6      | Noticed Edmund
  9314 | D:6      | You fall through a shaft for 2 floors!
  9461 | D:8      | Reached skill level 10 in Fighting
  9466 | D:8      | Noticed a hornet
  9477 | D:8      | HP: 13/101 [hornet (14)]
  9477 | D:8      | HP: 5/101 [hornet (8)]
  9478 | D:8      | HP: 2/101 [poisoned by a hornet]
  9478 | D:8      | Mangled by a hornet

Levels and vault maps discovered:
D:1:      dpeg_arrival_brainrot, layout_rooms, minmay_rat_gold_closets
D:2:      layout_basic, corexii_shack, xom_redecorated, uniq_terence
D:3:      layout_basic, lemuel_doored_altar, hellmonk_ghost_happy_afterlife
D:4:      kennysheep_six_static_rooms, layout_loops_ring, fiery_altar_vehumet,
          gammafunk_temple_overflow_claw, okawaru_metal_pillars_1_2,
          minmay_temple_entry_proselytizer, first_ration, minmay_joined_circles,
          uniq_ijyb, uniq_blork_the_orc
D:5:      layout_basic, marbit_many_paths
D:6:      layout_basic, serial_shops, shop, basic_altar, minmay_fire_ice_demons,
          uniq_menkaure, uniq_edmund
D:8:      layout_basic, basic_altar, uniq_psyche

Skill      XL: |  1  2  3  4  5  6  7  8  9 |
---------------+----------------------------+-----
Maces & Flails | 3 4 5 6 7 8 9 |  9.6
Fighting       | 5 6 7 9 10 | 10.1
Dodging        | |  2.6

Action                   |  1- 3 |  4- 6 |  7- 9 || total
-------------------------+-------+-------+-------++-------
Melee: Mace              |   114 |   151 |       ||   265
       Flail             |       |    98 |    29 ||   127
       Trident           |       |       |   241 ||   241
Invok: Berserk           |     1 |     4 |     3 ||     8
       Trog's Hand       |       |     1 |     1 ||     2
Evoke: Wand              |       |       |     2 ||     2
  Use: Scroll            |       |       |     6 ||     6
 Stab: Sleeping          |     2 |       |     5 ||     7
       Distracted        |       |     1 |       ||     1
  Eat: Chunk             |     1 |    13 |     7 ||    21
       Ration            |       |     4 |     4 ||     8
Armor: Animal skin       |    32 |    18 |       ||    50
       Robe              |       |    24 |    41 ||    65
Dodge: Dodged            |    61 |   114 |   107 ||   282

Table legend:
 A = Non-vault XP
 B = Vault XP
 C = Vault XP percentage of total XP
 D = Non-vault monster count
 E = Vault monster count
 F = Vault count percentage of total count
                 A         B        C        D         E       F
            +---------+---------+-------+---------+---------+-------
      Total |    2417 |     932 |  27.8 |     127 |      31 |  19.6
            +---------+---------+-------+---------+---------+-------
        D:1 |      34 |      14 |  29.2 |      21 |      10 |  32.3
        D:2 |     306 |      38 |  11.0 |      28 |       2 |   6.7
        D:3 |     177 |       0 |   0.0 |      31 |       0 |   0.0
        D:4 |     669 |     788 |  54.1 |      19 |      16 |  45.7
        D:5 |     588 |      32 |   5.2 |      13 |       1 |   7.1
        D:6 |     301 |      60 |  16.6 |      11 |       2 |  15.4
        D:8 |     342 |       0 |   0.0 |       4 |       0 |   0.0
            +---------+---------+-------+---------+---------+-------

Levels and vault maps discovered:
D:1:      dpeg_arrival_brainrot, layout_rooms, minmay_rat_gold_closets
D:2:      layout_basic, corexii_shack, xom_redecorated, uniq_terence
D:3:      layout_basic, lemuel_doored_altar, hellmonk_ghost_happy_afterlife
D:4:      kennysheep_six_static_rooms, layout_loops_ring, fiery_altar_vehumet,
          gammafunk_temple_overflow_claw, okawaru_metal_pillars_1_2,
          minmay_temple_entry_proselytizer, first_ration, minmay_joined_circles,
          uniq_ijyb, uniq_blork_the_orc
D:5:      layout_basic, marbit_many_paths
D:6:      layout_basic, serial_shops, shop, basic_altar, minmay_fire_ice_demons,
          uniq_menkaure, uniq_edmund
D:8:      layout_basic, basic_altar, uniq_psyche

Table legend:
 A = Turns spent in this place as a percentage of turns spent in the entire game.
 B = Non-inter-level travel turns spent in this place as a percentage of non-inter-level travel turns spent in the entire game.
 C = Inter-level travel turns spent in this place as a percentage of turns spent in this place.
 D = Turns resting spent in this place as a percentage of non-inter-level travel turns spent in this place.
 E = Turns spent auto-exploring this place as a percentage of non-inter-level travel turns spent in this place.
 F = Non-inter-level travel turns spent in this place divided by the number of levels of this place that you've seen.
                   A       B       C       D       E      F
               +-------+-------+-------+-------+-------+----------------------
         Total | 100.0 | 100.0 |   1.6 |  48.3 |  35.7 | 1332.1
       Dungeon | 100.0 | 100.0 |   1.6 |  48.3 |  35.7 | 1332.1
               +-------+-------+-------+-------+-------+----------------------

Table legend:
 A = Kills in this place as a percentage of kills in entire the game.
 B = Kills by you in this place as a percentage of kills by you in the entire game.
 C = Kills by friends in this place as a percentage of kills by friends in the entire game.
 D = Other kills in this place as a percentage of other kills in the entire game.
 E = Experience gained in this place as a percentage of experience gained in the entire game.
 F = Experience gained in this place divided by the number of levels of this place that you have seen.
                   A       B       C       D       E      F
               +-------+-------+-------+-------+-------+----------------------
         Total | 100.0 | 100.0 |   N/A |   N/A | 100.0 | 478.4
       Dungeon | 100.0 | 100.0 |   N/A |   N/A | 100.0 | 478.4
               +-------+-------+-------+-------+-------+----------------------
